 Dungeon Crawl Stone Soup version 0.21.1-1-g345015f (webtiles) character file.

11 tidbits the Charmwright (level 2, 5/26 HPs)
             Began as a Gnoll Skald on June 27, 2018.
             Quit the game on level 1 of the Dungeon.
             The game lasted 00:01:11 (121 turns).

tidbits the Charmwright (Gnoll Skald)                Turns: 121, Time: 00:01:12

Health: 5/26       AC:  4    Str: 13    XL:     2   Next: 29%
Magic:  1/7        EV: 14    Int: 15    God:
Gold:   0          SH:  0    Dex: 14    Spells: 5/10 levels left

rFire    . . .     SeeInvis .   a - +0 hand axe
rCold    + . .     Gourm    .   (no shield)
rNeg     . . .     Faith    .   B - +0 leather armour
rPois    .         Spirit   .   (no helmet)
rElec    .         Reflect  .   (no cloak)
rCorr    .         Harm     .   F - +0 pair of gloves
MR       .....                  (no boots)
Stlth    +.........             (no amulet)
HPRegen  0.08/turn              f - ring of protection from cold
MPRegen  0.10/turn              (no ring)

@: singing, very slightly contaminated
A: distributed training, fangs 1, strong nose
a: no special abilities


You were on level 1 of the Dungeon.
You were not hungry.

You visited 1 branch of the dungeon, and saw 1 of its levels.

Inventory:

Hand Weapons
 a - a +0 hand axe (weapon)
Armour
 B - a +0 leather armour (worn)
 F - a +0 pair of gloves (worn)
Jewellery
 f - a ring of protection from cold (left hand)
   (You found it on level 1 of the Dungeon)
Scrolls
 b - 3 scrolls of enchant weapon {unknown}
 e - 2 scrolls of amnesia {unknown}
Books
 c - a book of Battle

   Spells                             Type                      Level
   a - Infusion                       Charms                       1
   b - Shroud of Golubria             Charms/Translocation         2
   c - Song of Slaying                Charms                       2
   d - Spectral Weapon                Hexes/Charms                 3
   e - Regeneration                   Charms/Necromancy            3
Comestibles
 d - a ration


   Skills:
 + Level 4.4 Fighting
 + Level 0.3 Short Blades
 + Level 0.3 Long Blades
 + Level 4.4 Axes
 + Level 0.3 Maces & Flails
 + Level 0.3 Polearms
 + Level 0.3 Staves
 + Level 0.3 Slings
 + Level 0.3 Bows
 + Level 0.3 Crossbows
 + Level 0.3 Throwing
 + Level 2.4 Armour
 + Level 4.4 Dodging
 + Level 0.3 Stealth
 + Level 0.3 Shields
 + Level 0.3 Unarmed Combat
 + Level 4.9 Spellcasting
 + Level 0.2 Conjurations
 + Level 0.2 Hexes
 + Level 5.3 Charms
 + Level 0.2 Summonings
 + Level 0.2 Necromancy
 + Level 0.2 Translocations
 + Level 0.2 Transmutations
 + Level 0.2 Fire Magic
 + Level 0.2 Ice Magic
 + Level 0.2 Air Magic
 + Level 0.2 Earth Magic
 + Level 0.2 Poison Magic
 + Level 0.4 Invocations
 + Level 0.3 Evocations


You had 5 spell levels left.
You knew the following spells:

 Your Spells              Type           Power        Failure   Level  Hunger
g - Shroud of Golubria    Chrm/Tloc      ##........   10%         2    ##.....
i - Infusion              Chrm           ###.         2%          1    None
y - Song of Slaying       Chrm           ###.....     3%          2    ##.....


Dungeon Overview and Level Annotations

Branches:
Dungeon (1/15)

Altars:


Innate Abilities, Weirdness & Mutations

Your experience applies equally to all skills.
You have very sharp teeth.
Your uncanny sense of smell can sniff out nearby items.


Message History

Wear which item? (? for menu, Esc to quit)
You start putting on your armour.
You continue putting on your pair of gloves. x4
You finish putting on your +0 pair of gloves.
Adjust (i)tems, (s)pells, or (a)bilities?
Adjust which item? (? for menu, Esc to quit)
f - a +0 pair of gloves (worn)
Adjust to which letter? (? for menu, Esc to quit)
F - a +0 pair of gloves (worn)
Adjust (i)tems, (s)pells, or (a)bilities?
Adjust which item? (? for menu, Esc to quit)
b - a +0 leather armour (worn)
Adjust to which letter? (? for menu, Esc to quit)
B - a +0 leather armour (worn)
You enter the shallow water.
Moving in this stuff is going to be slow.
You see here 3 scrolls labeled DILOXERERR.
b - 3 scrolls labeled DILOXERERR A rat comes into view.
Found an ivory ring.
You barely miss the rat. Your bite misses the rat. You closely miss the rat.
The rat bites you. The rat misses you.
You barely miss the rat. The rat barely misses you.
You barely miss the rat. The rat barely misses you.
You slash the rat!
You kill the rat! 2 rats come into view.
Found a scroll labeled KOVYUXZ EKHOA.
Unknown command.
Casting: Infusion
Confirm with . or Enter, or press ? or * to list all spells.
You start singing a song of slaying.
You hit the rat.
You kill the rat!
You see here an ivory ring.
f - an ivory ring You closely miss the rat.
The rat barely misses you.
You hit the rat.
You kill the rat!
Put on which piece of jewellery? (? for menu, Esc to quit)
f - a ring of protection from cold (left hand)
Found 11 gold pieces.
Found 9 gold pieces.
You see here a scroll labeled KOVYUXZ EKHOA.
e - 2 scrolls labeled KOVYUXZ EKHOA (gained 1)
Your song is almost over.
A kobold and a dart slug come into view.
The kobold is wielding a short sword of distortion.
The kobold throws a stone.
The stone completely misses you. The dart slug launches a dart at you.
The slug dart hits you!
The kobold throws a stone.
The stone barely misses you.
The kobold throws a stone.
The stone misses you.
Found 19 stones.
A bat comes into view.
You hit the dart slug. You bite the dart slug.
The dart slug is moderately wounded.
Your song has ended.
The dart slug closely misses you.
You hit the dart slug.
The dart slug is severely wounded.
The kobold throws a stone.
The stone misses you.
The stone hits the dart slug but does no damage.
The dart slug launches a dart at you. The slug dart hits you!
The bat hits you but does no damage.
You hit the dart slug.
The dart slug is almost dead.
You miss the bat. The bat barely misses you. The bat closely misses you.
The dart slug launches a dart at you. The slug dart hits you!
* * * LOW HITPOINT WARNING * * *
Unknown command.
Casting: Song of Slaying
Confirm with . or Enter, or press ? or * to list all spells.
You start singing a song of slaying.
The bat hits you but does no damage.
Unknown command.
You hit the dart slug.
You kill the dart slug!
The bat hits you.
* * * LOW HITPOINT WARNING * * *
Casting: Song of Slaying
Confirm with . or Enter, or press ? or * to list all spells.
You miscast Shroud of Golubria.
You are very lightly contaminated with residual magic.
The bat hits you.
* * * LOW HITPOINT WARNING * * *
You closely miss the kobold. The bat completely misses you.
The kobold hits you with a short sword of distortion.
* * * LOW HITPOINT WARNING * * *
Space bends around you.
* * * LOW HITPOINT WARNING * * *
Unknown command.
You miss the kobold. The kobold hits you but does no damage.
Your surroundings suddenly seem different.
A bat comes into view.
You closely miss the bat.
You hear a shout!
The bat hits you but does no damage. The bat barely misses you.
You closely miss the bat. Your bite misses the bat. The bat misses you.
A gnoll comes into view. It is wielding a spear.
Are you sure you want to abandon this character and quit the game? (Confirm with "yes".)

#####.######
...........#
#.........#
#.........##
#.......... ##........#
... ..........# #..
#.....@..# ..
♣......b......
#.#♣♣♣♣♣♣♣♣.......#####
#.♣≈≈≈≈♣P≈≈≈......#
##♣≈≈≈≈≈≈≈P≈♣≈.....#
....≈≈.P≈P≈≈≈♣≈P...g
†......†≈...P≈≈≈#####
.......†........
≈≈≈......≈....$


You could see a gnoll and a bat.

Vanquished Creatures
  A dart slug (D:1)
  A bat (D:1)
  3 jackals (D:1)
  5 rats (D:1)
10 creatures vanquished.

Notes
Turn   | Place    | Note
-------+----------+-------------------------------------------
     0 | D:1      | tidbits the Gnoll Skald began the quest for the Orb.
     0 | D:1      | Reached XP level 1. HP: 20/20 MP: 6/6
    50 | D:1      | Reached XP level 2. HP: 23/26 MP: 0/7
    54 | D:1      | Learned a level 2 spell: Song of Slaying
    57 | D:1      | Learned a level 2 spell: Shroud of Golubria
   121 | D:1      | Quit the game

Action                   || total
-------------------------++-------
Melee: Hand axe          ||    29
       Bite              ||     1
 Cast: Infusion          ||     1
       Song of Slaying   ||     2
Armor: Leather armour    ||     7
Dodge: Dodged            ||    23

Table legend:
 A = Turns spent in this place as a percentage of turns spent in the entire game.
 B = Non-inter-level travel turns spent in this place as a percentage of non-inter-level travel turns spent in the entire game.
 C = Inter-level travel turns spent in this place as a percentage of turns spent in this place.
 D = Turns resting spent in this place as a percentage of non-inter-level travel turns spent in this place.
 E = Turns spent auto-exploring this place as a percentage of non-inter-level travel turns spent in this place.
 F = Non-inter-level travel turns spent in this place divided by the number of levels of this place that you've seen.
                   A       B       C       D       E      F
               +-------+-------+-------+-------+-------+----------------------
         Total | 100.0 | 100.0 |   0.0 |   0.0 |   0.0 | 121.0
       Dungeon | 100.0 | 100.0 |   0.0 |   0.0 |   0.0 | 121.0
               +-------+-------+-------+-------+-------+----------------------

Table legend:
 A = Kills in this place as a percentage of kills in entire the game.
 B = Kills by you in this place as a percentage of kills by you in the entire game.
 C = Kills by friends in this place as a percentage of kills by friends in the entire game.
 D = Other kills in this place as a percentage of other kills in the entire game.
 E = Experience gained in this place as a percentage of experience gained in the entire game.
 F = Experience gained in this place divided by the number of levels of this place that you have seen.
                   A       B       C       D       E      F
               +-------+-------+-------+-------+-------+----------------------
         Total | 100.0 | 100.0 |   N/A |   N/A | 100.0 |  17.0
       Dungeon | 100.0 | 100.0 |   N/A |   N/A | 100.0 |  17.0
               +-------+-------+-------+-------+-------+----------------------

Vault maps used:
D:1:      lemuel_arrival_funnel, serial_bayou_ford_a, minmay_pentomino_x2
